 Seeded DCSS version 0.28.0-62-gf88900778d (webtiles) character file.

Game seed: 14945102146352603198 (custom seed)

597584 cbfl8 the Conqueror (level 27, -11/245 HPs)
             Began as a Hill Orc Fighter on June 1, 2023.
             Was a High Priest of Beogh.
             Mangled by an Orb Guardian (36 damage)
             ... on level 5 of the Realm of Zot on June 2, 2023.
             The game lasted 04:27:49 (98126 turns).

cbfl8 the Conqueror (Hill Orc Fighter)             Turns: 98126, Time: 04:27:50

Health: -11/245    AC: 36    Str: 25    XL:     27
Magic:  24/26      EV: 20    Int:  8    God:    Beogh [*****.]
Gold:   8353       SH: 30    Dex: 26    Spells: 26/26 levels left

rFire   + + .      SeeInvis .   q - +5 broad axe (flame)
rCold   + + +      Faith    .   H - +5 kite shield {rN+}
rNeg    + + +      Spirit   .   y - +6 pearl dragon scales of Miunuoh {rPois rN+ Dex+4}
rPois   +          Reflect  +   i - +2 hat {Stlth+}
rElec   +          Harm     .   c - scarf {rC+ rF+}
rCorr   +          Rampage  .   t - +3 pair of gauntlets of War {Slay+5}
Will    ++++.                   r - +2 pair of boots "Ofuoxtal" {Contam rC+++ Regen+ Int-3}
Stlth   ++++++....              l - amulet of reflection
HPRegen 1.30/turn               m - ring of Huoxeim {Fire Drain rElec Will++ rCorr}
MPRegen 0.20/turn               P - ring of Lilacs {Wiz +Blink rN+ Int+3}

@: slowed, studying Slings, unable to read, very slow
A: walk on water, thin skeletal structure 1, agile 1, frail 1, wild magic 1,
inability to read while threatened
}: 3/15 runes: barnacled, silver, gossamer
a: Renounce Religion, Evoke Blink, Smiting, Recall Orcish Followers, Give Item
to Named Follower


You were on level 5 of the Realm of Zot.
You worshipped Beogh.
Beogh was extremely pleased with you.
You visited 12 branches of the dungeon, and saw 53 of its levels.
You also visited: Sewer, Bailey and Ice Cave.

You collected 14000 gold pieces.
You spent 5647 gold pieces at shops.

Inventory:

Hand Weapons
 f - a +9 vorpal broad axe
 q - a +5 broad axe of flaming (weapon)
Missiles
 T - a throwing net
Armour
 c - a scarf of resistance (worn)
 i - a +2 hat of stealth (worn)
 r - the +2 pair of boots "Ofuoxtal" (worn) {Contam rC+++ Regen+ Int-3}
   (You acquired it on level 4 of the Spider Nest)

   Int:       It affects your intelligence (-3).
   rC:        It renders you almost immune to cold.
   Contam:    It causes magical contamination when unequipped.
   Regen:     It increases your rate of health regeneration.
 t - the +3 pair of gauntlets of War (worn) {Slay+5}
   (You bought it in a shop on level 3 of the Dungeon)

   Slay:      It affects your accuracy & damage with ranged weapons and melee
   (+5).
 y - the +6 pearl dragon scales of Miunuoh (worn) {rPois rN+ Dex+4}
   (You bought it in a shop on level 3 of the Shoals)

   Dex:       It affects your dexterity (+4).
   rPois:     It protects you from poison.
   rN:        It protects you from negative energy.
 H - a +5 kite shield of positive energy (worn)
Jewellery
 l - an amulet of reflection (around neck)
 m - the ring of Huoxeim (left hand) {Fire Drain rElec Will++ rCorr}
   (You found it on level 3 of the Crypt)

   [ring of fire]

   It enhances your fire magic.
   rF:        It protects you from fire.
   rC:        It makes you vulnerable to cold.
   rElec:     It insulates you from electricity.
   rCorr:     It protects you from acid and corrosion.
   Drain:     It drains your maximum health when unequipped.
   Will:      It greatly increases your willpower.
 P - the ring of Lilacs (right hand) {Wiz +Blink rN+ Int+3}
   (You found it on level 3 of the Spider Nest)

   [ring of wizardry]

   It improves your spell success rate.
   Int:       It affects your intelligence (+3).
   rN:        It protects you from negative energy.
   +Blink:    It lets you blink.
Wands
 a - a wand of charming (1)
 g - a wand of digging (4) (quivered)
 o - a wand of polymorph (30)
 z - a wand of mindburst (10)
 E - a wand of flame (15)
 F - a wand of iceblast (22)
 R - a wand of acid (8)
 S - a wand of paralysis (10)
Scrolls
 j - 3 scrolls of summoning
 k - 21 scrolls of teleportation
 s - 10 scrolls of fear
 u - 4 scrolls of holy word
 x - 4 scrolls of noise
 A - 4 scrolls of silence
 B - a scroll of enchant armour
 G - a scroll of enchant weapon
 J - 2 scrolls of magic mapping
 M - 9 scrolls of fog
 Z - 2 scrolls of blinking
Potions
 b - 25 potions of curing
 d - 3 potions of heal wounds
 e - 18 potions of flight
 p - a potion of resistance
 v - 4 potions of mutation
 w - 8 potions of haste
 C - 4 potions of invisibility
 D - 7 potions of might
 K - 4 potions of berserk rage
 L - a potion of ambrosia
 Q - 6 potions of cancellation
Miscellaneous
 h - a phial of floods
 n - a phantom mirror
 I - a tin of tremorstones (2/2)
 N - a piece from Xom's chessboard (15/15)
 O - a box of beasts
 U - a condenser vane
 Y - a phantom mirror


   Skills:
 O Level 27 Fighting
 O Level 27 Axes
 * Level 21.7 Armour
 * Level 11.6 Dodging
 * Level 10.4 Stealth
 O Level 27 Shields
 - Level 4.0 Invocations
 + Level 16.5 Evocations


You had 26 spell levels left.
You didn't know any spells.
Your spell library contained the following spells:

 Spells                   Type           Power      Damage    Failure   Level
 Animate Skeleton         Necr           0%         N/A       34%         1
 Apportation              Tloc           0%         N/A       34%         1
 Beastly Appendage        Tmut           0%         N/A       34%         1
 Foxfire                  Conj/Fire      0%         2x1d4     34%         1
 Freeze                   Ice            0%         1d3       34%         1
 Magic Dart               Conj           0%         1d3       34%         1
 Pain                     Necr           0%         1d4       34%         1
 Sandblast                Erth           0%         2d4       34%         1
 Shock                    Conj/Air       0%         1d3       34%         1
 Slow                     Hex            0%         N/A       34%         1
 Sting                    Tmut/Pois      0%         1d3       34%         1
 Summon Small Mammal      Summ           0%         N/A       34%         1
 Blink                    Tloc           0%         N/A       47%         2
 Call Imp                 Summ           0%         N/A       47%         2
 Ensorcelled Hibernation  Hex/Ice        0%         N/A       47%         2
 Passwall                 Tmut/Erth      0%         N/A       47%         2
 Poisonous Vapours        Pois/Air       0%         N/A       47%         2
 Scorch                   Fire           0%         2d5       47%         2
 Searing Ray              Conj           0%         2d4       47%         2
 Sublimation of Blood     Necr           0%         N/A       47%         2
 Wereblood                Tmut           0%         N/A       47%         2
 Call Canine Familiar     Summ           0%         N/A       69%         3
 Confusing Touch          Hex            0%         N/A       69%         3
 Conjure Flame            Conj/Fire      0%         6-21      69%         3
 Dazzling Flash           Conj/Hex       0%         N/A       69%         3
 Frozen Ramparts          Ice            0%         1d2       69%         3
 Ignite Poison            Fire/Tmut/Pois 0%         N/A       69%         3
 Inner Flame              Hex/Fire       0%         N/A       69%         3
 Lesser Beckoning         Tloc           0%         N/A       69%         3
 Mephitic Cloud           Conj/Pois/Air  0%         N/A       69%         3
 Ozocubu's Armour         Ice            0%         N/A       69%         3
 Portal Projectile        Hex/Tloc       0%         N/A       69%         3
 Spider Form              Tmut/Pois      0%         N/A       69%         3
 Stone Arrow              Conj/Erth      0%         3d7       69%         3
 Summon Guardian Golem    Hex/Summ       0%         N/A       69%         3
 Swiftness                Air            0%         N/A       69%         3
 Tukima's Dance           Hex            0%         N/A       69%         3
 Vampiric Draining        Necr           0%         2d6       69%         3
 Airstrike                Air            0%         N/A       96%         4
 Anguish                  Hex/Necr       0%         N/A       96%         4
 Animate Dead             Necr           0%         N/A       96%         4
 Cause Fear               Hex            0%         N/A       96%         4
 Dispel Undead            Necr           0%         3d6       96%         4
 Flame Wave               Conj/Fire      0%         2d4       96%         4
 Fulminant Prism          Conj/Hex       0%         3d6       96%         4
 Hailstorm                Conj/Ice       0%         3d3       96%         4
 Ice Form                 Ice/Tmut       0%         N/A       96%         4
 Iskenderun's Mystic Bla  Conj/Tloc      0%         2d3       96%         4
 Leda's Liquefaction      Hex/Erth       0%         N/A       96%         4
 Olgreb's Toxic Radiance  Pois           0%         N/A       96%         4
 Passage of Golubria      Tloc           0%         N/A       96%         4
 Petrify                  Tmut/Erth      0%         N/A       96%         4
 Sticky Flame             Conj/Fire      0%         2d3       96%         4
 Summon Ice Beast         Ice/Summ       0%         N/A       96%         4
 Summon Lightning Spire   Summ/Air       0%         N/A       96%         4
 Agony                    Necr           0%         N/A       100%        5
 Blade Hands              Tmut           0%         N/A       100%        5
 Borgnjor's Vile Clutch   Necr/Erth      0%         N/A       100%        5
 Excruciating Wounds      Necr           0%         N/A       100%        5
 Freezing Cloud           Conj/Ice/Air   0%         6-21      100%        5
 Irradiate                Conj/Tmut      0%         3d14      100%        5
 Iskenderun's Battlesphe  Conj           0%         2d6       100%        5
 Lee's Rapid Deconstruct  Erth           0%         3d5*      100%        5
 Manifold Assault         Tloc           0%         N/A       100%        5
 Metabolic Englaciation   Hex/Ice        0%         N/A       100%        5
 Silence                  Hex/Air        0%         N/A       100%        5
 Yara's Violent Unravell  Hex/Tmut       0%         3d3       100%        5
 Death Channel            Necr           0%         N/A       100%        6
 Iron Shot                Conj/Erth      0%         9d1       100%        6
 Simulacrum               Ice/Necr       0%         N/A       100%        6
 Starburst                Conj/Fire      0%         6d3       100%        6
 Statue Form              Tmut/Erth      0%         N/A       100%        6
 Summon Cactus Giant      Summ           0%         N/A       100%        6
 Dragon Form              Tmut           0%         N/A       100%        7
 Enfeeble                 Hex            0%         N/A       100%        7
 Malign Gateway           Summ/Tloc      0%         N/A       100%        7
 Spellforged Servitor     Conj/Summ      0%         N/A       100%        7
 Storm Form               Tmut/Air       0%         N/A       100%        7
 Summon Hydra             Summ           0%         N/A       100%        7
 Borgnjor's Revivificati  Necr           0%         N/A       100%        8
 Discord                  Hex            0%         N/A       100%        8
 Lehudib's Crystal Spear  Conj/Erth      0%         10d2      100%        8
 Maxwell's Capacitive Co  Air            0%         ∞         100%        8
 Necromutation            Tmut/Necr      0%         N/A       100%        8
 Summon Horrible Things   Summ           0%         N/A       100%        8
 Death's Door             Necr           0%         N/A       100%        9
 Dragon's Call            Summ           0%         N/A       100%        9
 Polar Vortex             Ice            0%         N/A       100%        9
 Shatter                  Erth           0%         3d5*      100%        9


Dungeon Overview and Level Annotations

Branches:
Dungeon (15/15)            Temple (0/1) D:5            Lair (6/6) D:9
 Shoals (4/4) Lair:3       Spider (4/4) Lair:2        Slime (1/5) Lair:5
    Orc (2/2) D:11            Elf (3/3) Orc:2        Vaults (5/5) D:14
  Crypt (3/3) Vaults:3       Tomb (1/3) Crypt:3      Depths (4/4) D:15
    Zot (5/5) Depths:4      Sewer (visited)          Bailey (visited)
  IceCv (visited)

Altars:
Ashenzari
Cheibriados
Elyvilon
Fedhas
Hepliaklqana
Kikubaaqudgha
Makhleb
Nemelex Xobeh
Qazlal
Ru
Sif Muna
Trog
Uskayaw
Vehumet
Xom
Yredelemnul
The Shining One
Beogh
Lugonu

Shops:
D:3 (?[   D:11 ?   D:12 ?   Orc:2 :*[?   Shoals:3 [   Vaults:1 :   Vaults:2 *
Vaults:5 (   Depths:1 !=[[

Portals:
Hell: Depths:1 Depths:2 Depths:3 Depths:4
Abyss: Lair:6 Depths:2 Depths:3*
Pandemonium: Depths:2
Ziggurat: Depths:4
Trove: D:12 (give 7 scrolls of fog)

Annotations:
Lair:1 3 runed translucent doors, fleet's ghost, journeyman KoGl
Crypt:3 Saint Roka


Innate Abilities, Weirdness & Mutations

You can walk on water.
You have a somewhat thin skeletal structure. (Dex +2, Stealth+)
You are agile. (Dex +2)
You are frail. (-10% HP)
Your spells are a little harder to cast, but a little more powerful.
You sometimes lose the ability to read scrolls when taking damage.


Message History

A dread lich and an Orb Guardian come into view.
You hear a loud "Zot"!
Okay, then.
The dread lich gestures wildly while chanting.
The Tzitzimitl gestures at you.
The bolt of negative energy hits the death cob.
The death cob completely resists.
The bolt of negative energy misses you. The Ice Fiend gestures at you.
The bolt of cold hits you. You resist.
* * * LOW HITPOINT WARNING * * *
The Tzitzimitl calls on the powers of darkness!
The moth of wrath convulses!
The Orb Guardian convulses! x3
Your body is wracked with pain!
* * * LOW HITPOINT WARNING * * *
You block the death cob's attack. You block the Orb Guardian's attack.
The death cob misses you. You block the Orb Guardian's attack.
The death cob hits you but does no damage.
The Orb Guardian hits you but does no damage.
The Orb Guardian hits you!!
* * * LOW HITPOINT WARNING * * *
You feel much better. The death cob barely misses you.
You block the Orb Guardian's attack. The Orb Guardian barely misses you.
The death cob completely misses you. You block the Orb Guardian's attack.
The moth of wrath goads the tentacled monstrosity on!
The tentacled monstrosity goes berserk!
You block the Orb Guardian's attack. The death cob hits you.
* * * LOW HITPOINT WARNING * * *
The death cob drains your vigour!
You feel as though you will be slow longer.
The Ice Fiend gestures at you.
The bolt of cold hits the death cob!!
The death cob resists.
The bolt of cold misses you. The Orb Guardian hits you!!
* * * LOW HITPOINT WARNING * * *
The Orb Guardian misses you. You block the death cob's attack.
You cannot read scrolls in your current state!
You blink.
You block the Orb Guardian's attack.
You block the tentacled monstrosity's attack. x2
The tentacled monstrosity tentacle-slaps you but does no damage.
The tentacled monstrosity misses you. The Orb Guardian hits you!!!
You die...

................#
▓▓▓▓▓▓################ #######
##.^............## #......
*#................## *#.....
**..................## #.....
*,...................# ##....
*,..^......§X.^^.....# #....
*,..........XX.......# ##....
*,.......X.zL@.......# #.....
*,..........11.......# ##.....
*,.........$...y.....###......
**..................###...####
*#................##....##
##....^...^......^...###
▓▓.....##▓▓▓▓▓▓▓▓▓▓▓#
**,,....,,,,,,,,,****
**,,,,..,,,,,,,,,,,,,***


You could see a tentacled monstrosity (berserk), a dread lich, a Tzitzimitl
(summoned), an Ice Fiend (summoned), a death cob, 3 Orb Guardians and a moth of
wrath.

Vanquished Creatures
  Khufu (Crypt:1)
  2 orbs of fire
  4 juggernauts
  The ghost of Xill the Slayer, a veteran MiMo of Yredelemnul (Zot:4)
  The ghost of turdburglar the Hoplite, a veteran DDFi of Okawaru (Zot:5)
  Boris (Depths:3)
  6 royal mummies
  3 caustic shrikes (Depths:3)
  5 curse toes
  Saint Roka (Crypt:1)
  11 golden dragons
  A bone dragon (Depths:4)
  2 electric golems (Zot:5)
  3 liches
  18 tentacled monstrosities
  8 Orb Guardians
  2 deep elf master archers (Elf:3)
  A walking frostbound tome (Depths:2)
  The ghost of cbfl8 the Executioner, an adept MiBe of Trog (Spider:4)
  3 titans
  Asterion (Depths:2)
  12 quicksilver dragons
  A walking divine tome (Depths:2)
  5 death cobs
  An acid blob (Slime:1)
  2 deep elf blademasters (Elf:3)
  Polyphemus (Shoals:3)
  An ancient champion (Crypt:1)
  5 krakens
  15 sphinxes
  A tengu reaver (Vaults:5)
  Agnes (Spider:2)
  The ghost of Kaerusk the Unseen, an adept KoBe of Trog (Shoals:3)
  12 shadow dragons
  3 revenants (Crypt:3)
  A rockslime (Lair:5)
  6 draconian monks
  16 storm dragons
  5 draconian knights
  7 emperor scorpions
  A fenstrider witch (shapeshifter) (Vaults:5)
  8 frost giants
  7 draconian scorchers
  8 fire giants
  7 deep elf sorcerers
  13 vault wardens
  An orc warlord (Vaults:2)
  8 draconian shifters
  6 ghouls
  A juggernaut zombie (Crypt:3)
  2 iron dragons
  9 deep elf elementalists (Elf:3)
  4 ghost moths
  Aizul (Spider:2)
  5 draconian stormcallers
  A curse skull (Crypt:1)
  A caustic shrike zombie (Crypt:3)
  3 spriggan defenders
  4 draconian annihilators
  A reaper (Zot:5)
  11 stone giants
  3 war gargoyles
  11 ironbound preservers
  A broodmother (Spider:3)
  14 green draconians
  13 very ugly things
  7 ironbound thunderhulks
  2 vampire knights (Depths:2)
  4 deep elf annihilators
  12 black draconians
  39 slime creatures
  4 deep elf demonologists (Elf:3)
  6 entropy weavers
  11 purple draconians
  11 white draconians
  A minotaur (Shoals:4)
  10 yellow draconians
  4 spark wasps
  12 dire elephants
  9 red draconians
  A crystal guardian (Vaults:3)
  6 eidola
  A merfolk javelineer (Shoals:1)
  12 ettins
  2 pearl dragon zombies (Depths:4)
  16 jiangshi
  A quicksilver dragon zombie (Crypt:1)
  13 yaktaur captains
  5 merfolk impalers
  5 deep elf death magi
  8 mummy priests
  32 vault guards
  6 deep elf high priests
  5 fire dragons
  A great orb of eyes (Depths:3)
  An ice dragon (Depths:2)
  A peacekeeper (Vaults:3)
  A spriggan air mage (Depths:2)
  3 hydras
  A jorogumo (Spider:3)
  11 ironbound frosthearts
  6 boulder beetles
  5 death knights
  4 centaur warriors
  2 catoblepae
  An alligator snapping turtle (Shoals:1)
  5 satyrs
  A merfolk aquamancer (Shoals:1)
  2 ogre magi
  6 two-headed ogres
  14 dancing weapons
  A two-headed ogre (shapeshifter) (Vaults:4)
  A titan zombie (Crypt:3)
  10 deep troll earth magi
  11 death scarabs
  4 tengu warriors
  11 vampire magi
  8 death yaks
  3 hell hogs (Depths:4)
  5 deep troll shamans
  5 orc high priests (Orc:2)
  5 spriggan berserkers
  A shock serpent (Vaults:1)
  14 deep elf knights
  4 hell knights
  A salamander mystic (Depths:1)
  3 soul eaters
  12 skeletal warriors
  3 shadow wraiths
  A fire crab (shapeshifter) (Lair:6)
  6 iron trolls
  A bunyip zombie (Crypt:1)
  7 orb spiders
  2 pharaoh ants (Spider:3)
  A spark wasp zombie (Depths:2)
  An iron giant zombie (Crypt:3)
  7 steelbarb worms
  4 flayed ghosts
  A storm dragon skeleton (Crypt:1)
  2 death drakes (Depths:3)
  3 glowing orange brains
  27 deep trolls
  A large abomination (Lair:6)
  2 sea snakes (Shoals:3)
  13 wizards
  An anaconda skeleton (Tomb:1)
  13 deep elf archers
  4 orc knights
  7 bog bodies
  A golden dragon skeleton (Crypt:1)
  12 harpies
  8 phantasmal warriors
  14 ironbound convokers
  15 wolf spiders
  7 necromancers
  29 deep elf pyromancers
  9 lindwurms
  A manticore (shapeshifter) (Depths:2)
  28 deep elf zephyrmancers
  An iron dragon zombie (Depths:2)
  13 manticores
  9 fauns
  2 human zombies
  27 ugly things
  25 moths of wrath
  9 cyclopes
  2 orc sorcerers
  4 elephants
  An apis skeleton (Depths:4)
  5 water nymphs
  2 black mambas (Lair:3)
  A frost giant skeleton (Depths:2)
  An ice statue (IceCv)
  A stone giant skeleton (Crypt:3)
  17 vault sentinels
  A naga skeleton (Tomb:1)
  11 cane toads
  A gargoyle (D:12)
  5 unseen horrors
  2 kobold demonologists
  4 torpor snails
  A yaktaur zombie (Vaults:4)
  An orc skeleton (Crypt:1)
  3 rime drakes
  A dire elephant skeleton (Crypt:1)
  An efreet (D:14)
  9 freezing wraiths
  43 guardian mummies
  8 komodo dragons
  A tengu conjurer (Depths:3)
  8 ice devils (IceCv)
  21 yaktaurs
  4 demonic crawlers
  A rime drake (shapeshifter) (Vaults:5)
  2 black draconian skeletons
  11 merfolk
  A redback zombie (Crypt:2)
  A yellow draconian skeleton (Crypt:2)
  A queen bee (Lair:5)
  A death yak skeleton (Crypt:3)
  2 ancient zymes (Lair:6)
  4 trolls
  6 wind drakes
  Prince Ribbit (Bailey)
  A catoblepas skeleton (Crypt:3)
  16 tarantellas
  8 hornets
  9 meliai
  23 blink frogs
  A wind drake (shapeshifter) (Elf:2)
  8 dream sheep
  2 snapping turtles
  3 ettin zombies
  9 flying skulls
  A fire giant simulacrum (Depths:2)
  10 jumping spiders
  27 yaks
  2 air elementals (Elf:2)
  2 wraiths
  A centaur simulacrum (D:15)
  A dire elephant simulacrum (IceCv)
  9 culicivoras
  6 spriggans
  5 water elementals
  6 wyverns
  14 ushabtiu
  2 fire elementals
  21 humans
  6 basilisks
  A hog (shapeshifter) (Vaults:4)
  16 vampire mosquitoes
  Grum (D:10)
  3 small abominations (Lair:6)
  28 redbacks
  4 death yak simulacra (IceCv)
  2 chaos spawn (Lair:6)
  A harpy simulacrum (IceCv)
  A merfolk zombie (Crypt:3)
  12 water moccasins
  3 wargs
  An acid dragon (D:8)
  A glowing shapeshifter zombie (Crypt:1)
  A hell hound (Elf:2)
  10 orc warriors
  A floating eye (Depths:2)
  2 black bears (Lair:2)
  A blink frog zombie (Crypt:3)
  8 ogres
  A tengu (shapeshifter) (Lair:6)
  A boggart (Elf:1)
  6 necrophages
  29 wolves
  4 centaurs
  10 bullfrogs
  A komodo dragon skeleton (Crypt:2)
  2 cane toad simulacra (IceCv)
  2 kobold brigands (D:14)
  An earth elemental (Elf:3)
  2 scorpions (Lair:2)
  2 gnoll sergeants
  A water moccasin skeleton (Crypt:2)
  5 elephant simulacra (IceCv)
  A raiju zombie (Crypt:1)
  27 killer bees
  16 wights
  An electric eel (Lair:1)
  2 howler monkeys
  4 centaur zombies
  2 hounds (D:6)
  4 jellies
  9 orc priests
  3 centaur skeletons
  Jessica (D:2)
  Ijyb (D:3)
  Terence (D:3)
  3 iguanas
  3 polar bear simulacra (IceCv)
  2 human skeletons (Crypt:1)
  8 merfolk sirens
  2 spriggan simulacra (IceCv)
  A hell rat (Lair:5)
  5 merfolk avatars
  8 orc wizards
  2 wolf simulacra (IceCv)
  A deep dwarf zombie (Crypt:2)
  32 mummies
  A howler monkey zombie (Crypt:2)
  Robin (D:2)
  14 gnolls
  14 adders
  A naga simulacrum (IceCv)
  2 river rats (Sewer)
  2 white imps
  2 ufetubi
  2 adder skeletons (D:4)
  4 worms
  A barachi zombie (Crypt:3)
  A dart slug (D:2)
  20 orcs
  10 ball pythons
  3 endoplasms
  9 giant cockroaches
  14 goblins
  18 hobgoblins
  6 kobolds
  5 quokkas
  A river rat zombie (Crypt:1)
  2 bats
  7 frilled lizards
  A goblin skeleton (Crypt:1)
  28 rats
  A rat skeleton (Crypt:3)
  15 butterflies (Vaults:4)
  14 tentacles
1927 creatures vanquished.

Vanquished Creatures (collateral kills)
  Mara (Spider:3)
  An ancient lich (Vaults:4)
  Margery (Depths:3)
  A caustic shrike (Depths:3)
  Xtahua (Depths:3)
  2 golden dragons
  A profane servitor (Depths:4)
  A bone dragon (Depths:4)
  2 tentacled monstrosities
  A walking earthen tome (Depths:2)
  2 quicksilver dragons
  A walking divine tome (Depths:2)
  2 ancient champions
  4 titans
  2 sphinxes
  Kirke (Shoals:4)
  3 shadow dragons
  A storm dragon (Zot:2)
  Donald (Shoals:1)
  Ilsuiw (Shoals:3)
  2 tengu reavers
  A revenant (Crypt:2)
  5 fire giants
  2 frost giants
  A draconian scorcher (Zot:1)
  10 vault wardens
  An orc warlord (Vaults:3)
  2 ghost moths (Spider:4)
  A quicksilver ooze (shapeshifter) (Lair:6)
  6 ironbound preservers
  3 emperor scorpions
  2 draconian shifters
  4 very ugly things
  6 stone giants
  A draconian annihilator (Zot:1)
  7 ironbound thunderhulks
  2 vampire knights
  2 green draconians (Depths:4)
  A deep elf demonologist (Vaults:4)
  2 entropy weavers (Spider:3)
  2 red draconians
  A black draconian (Zot:1)
  Azrael (Elf:2)
  A white draconian (Zot:3)
  5 yellow draconians
  A deep elf annihilator (Vaults:3)
  A deep elf death mage (Crypt:3)
  7 dire elephants
  A spark wasp (Depths:3)
  An iron golem (Depths:1)
  An eidolon (Crypt:2)
  5 merfolk javelineers
  2 ettins
  A mummy priest (Tomb:1)
  A deep elf high priest (Depths:4)
  4 merfolk impalers (Shoals:1)
  2 fire dragons
  A jiangshi (Crypt:1)
  6 great orbs of eyes
  A spriggan air mage (Depths:2)
  13 vault guards
  A rakshasa (Depths:1)
  7 yaktaur captains
  2 ice dragons
  A boulder beetle (Vaults:1)
  A quicksilver dragon skeleton (Depths:2)
  4 hydras
  An alligator snapping turtle (Shoals:3)
  4 ironbound frosthearts
  A jorogumo (Spider:3)
  2 catoblepae
  A radroach (Spider:2)
  3 merfolk avatars
  A centaur warrior (Shoals:1)
  2 two-headed ogres
  A merfolk aquamancer (Shoals:1)
  8 satyrs (Shoals:4)
  12 dancing weapons
  A vampire mage (Crypt:1)
  A death scarab (Tomb:1)
  7 deep troll shamans
  4 death yaks
  A tengu warrior (Depths:2)
  7 deep troll earth magi
  An orc high priest (Orc:1)
  A spriggan berserker (Depths:4)
  2 thrashing horrors (Lair:6)
  2 hell knights
  4 spriggans
  A soul eater (Crypt:3)
  A fire crab (shapeshifter) (Vaults:3)
  4 deep elf knights
  2 skeletal warriors
  4 steelbarb worms
  3 iron trolls
  An orb spider (Spider:4)
  A pharaoh ant (Spider:4)
  2 death drakes (Depths:3)
  5 sea snakes
  16 deep trolls
  A glowing orange brain (Vaults:4)
  A flayed ghost (Depths:2)
  A deep elf archer (Elf:2)
  25 harpies
  7 wizards
  9 deep elf pyromancers
  2 phantasmal warriors
  4 necromancers
  A harpy (shapeshifter) (Elf:1)
  2 orc knights
  7 wolf spiders
  7 deep elf zephyrmancers
  9 ironbound convokers
  2 mana vipers (shapeshifter)
  A lindwurm (Vaults:1)
  A stone giant zombie (Vaults:4)
  6 manticores
  6 salamanders (Depths:1)
  13 ugly things
  2 orc sorcerers
  6 fauns
  6 moths of wrath
  An iron dragon skeleton (Crypt:3)
  3 apis skeletons (Depths:4)
  8 elephants
  2 centaur zombies (D:11)
  A water nymph (Shoals:4)
  3 merfolk sirens
  6 vault sentinels
  3 cane toads
  A torpor snail (Spider:2)
  A black mamba (Lair:3)
  2 komodo dragons
  3 orc wizards
  4 demonic crawlers
  A kobold demonologist (D:14)
  5 ice devils (IceCv)
  An anaconda simulacrum (IceCv)
  An ancient zyme (Lair:6)
  A guardian mummy (Tomb:1)
  7 yaktaurs
  An entropy weaver simulacrum (IceCv)
  A harpy zombie (Crypt:1)
  2 trolls
  3 meliai
  A wind drake (Shoals:3)
  3 hornets
  22 merfolk
  5 tarantellas
  14 blink frogs
  10 slime creatures
  2 snapping turtles (Shoals:4)
  5 culicivoras
  15 jumping spiders
  A water elemental (Shoals:1)
  3 wraiths
  A dire elephant simulacrum (IceCv)
  9 yaks
  A vampire (D:13)
  3 ynoxinuls (Lair:6)
  A spriggan (shapeshifter) (Vaults:3)
  2 ushabtiu
  3 fire elementals (Elf:2)
  4 humans (D:14)
  5 basilisks
  A wyvern (Lair:6)
  A death yak simulacrum (IceCv)
  3 vampire mosquitoes (D:13)
  14 redbacks
  A warg (D:8)
  A harpy simulacrum (IceCv)
  An acid dragon (D:10)
  A merfolk zombie (Crypt:3)
  4 water moccasins
  7 orc warriors
  A large abomination (Lair:6)
  A faun skeleton (Crypt:2)
  A black bear (Lair:2)
  An ogre (D:15)
  16 wolves
  2 centaurs
  An octopode zombie (Crypt:1)
  A kobold brigand (D:14)
  A yaktaur zombie (Crypt:1)
  An earth elemental (Elf:1)
  A cane toad simulacrum (IceCv)
  An elephant simulacrum (IceCv)
  9 killer bees (Lair:5)
  An electric eel (Spider:4)
  4 orc priests
  Crazy Yiuf (D:2)
  A polar bear simulacrum (IceCv)
  2 small abominations (Lair:6)
  A mummy (Tomb:1)
  A howler monkey zombie (D:9)
  A gnoll (D:11)
  A naga simulacrum (IceCv)
  2 worms (Lair:2)
  15 orcs
  A giant cockroach (Lair:2)
  A plant (Shoals:3)
665 creatures vanquished.

Vanquished Creatures (others)
  Saint Roka (Crypt:3)
  14 orc warlords
  A rakshasa (Depths:1)
  4 orc high priests
  A deep troll earth mage (Depths:3)
  A deep elf knight (Elf:2)
  12 orc knights
  A deep elf pyromancer (Elf:1)
  2 deep elf zephyrmancers
  5 orc sorcerers
  A merfolk (Shoals:4)
  A spriggan (Lair:6)
  2 humans (Shoals:4)
  22 orc warriors
  9 orc wizards
  31 orc priests
  41 orcs
  12 bushes (Depths:3)
  A butterfly (Depths:3)
  66 fungi
  187 plants
  15 tentacles
430 creatures vanquished.

Grand Total: 3022 creatures vanquished

Notes
Turn   | Place    | Note
-------+----------+-------------------------------------------
     0 | D:1      | cbfl8 the Hill Orc Fighter began the quest for the Orb.
     0 | D:1      | Reached XP level 1. HP: 19/19 MP: 1/1
   135 | D:1      | Reached XP level 2. HP: 19/27 MP: 2/2
   558 | D:1      | Reached XP level 3. HP: 31/33 MP: 3/3
   614 | D:1      | Found a roughly hewn altar of Beogh.
   661 | D:1      | Became a worshipper of Beogh the Brigand
   669 | D:1      | Found a faded altar of an unknown god.
  1047 | D:2      | Noticed Jessica
  1052 | D:2      | Killed Jessica
  1053 | D:2      | Reached XP level 4. HP: 38/40 MP: 4/4
  1373 | D:2      | Found a runed translucent door.
  1374 | D:2      | Noticed Crazy Yiuf
  1526 | D:2      | Noticed Robin
  1544 | D:2      | Killed Robin
  2585 | D:3      | Found Qumur's Magic Scroll Shop.
  2594 | D:3      | Bought a scroll of identify for 20 gold pieces
  2597 | D:3      | Bought a scroll of identify for 20 gold pieces
  2617 | D:3      | Found Gikhocag's Antique Weapon Shoppe.
  2667 | D:3      | Noticed Terence
  2674 | D:3      | Reached XP level 5. HP: 32/47 MP: 5/5
  2674 | D:3      | Killed Terence
  2674 | D:3      | Reached * piety under Beogh
  2794 | D:3      | Reached skill level 5 in Axes
  2828 | D:3      | Found a glowing golden altar of the Shining One.
  2838 | D:3      | Found a hazy altar of Hepliaklqana.
  2841 | D:3      | Found a stormy altar of Qazlal.
  2844 | D:3      | Found a sparkling altar of Nemelex Xobeh.
  3111 | D:3      | Identified the +1 plate armour of Disguise {Contam Rampage
                  | rCorr Dex+3}
  3228 | D:3      | Found a radiant altar of Vehumet.
  3367 | D:3      | Found Rymaebost's Armour Shoppe.
  3376 | D:3      | Noticed Ijyb
  3382 | D:3      | Killed Ijyb
  3383 | D:3      | Reached XP level 6. HP: 53/55 MP: 6/6
  3513 | D:3      | Found a faded altar of an unknown god.
  3673 | D:4      | Noticed a necrophage
  3992 | D:4      | Reached skill level 5 in Fighting
  4022 | D:4      | Found a glowing drain.
  4035 | Sewer    | Entered a sewer
  4396 | Sewer    | Reached ** piety under Beogh
  5206 | D:4      | Reached XP level 7. HP: 57/61 MP: 7/7
  5348 | D:4      | Found a snail-covered altar of Cheibriados.
  5387 | D:4      | Reached skill level 1 in Dodging
  5723 | D:4      | Identified the +11 dagger of Jeytaol {drain, rElec rN++}
  5766 | D:3      | Found a bloodstained altar of Trog.
  5840 | D:5      | Entered Level 5 of the Dungeon
  5894 | D:5      | Reached skill level 5 in Armour
  5964 | D:5      | Reached *** piety under Beogh
  6053 | D:5      | Reached XP level 8. HP: 70/71 MP: 8/8
  6216 | D:5      | Found a staircase to the Ecumenical Temple.
  6480 | D:6      | Noticed a hornet
  6484 | D:6      | Paralysed by a hornet for 2 turns
  6492 | D:6      | Killed a hornet
  6493 | D:6      | Reached skill level 5 in Shields
  6765 | D:6      | Reached skill level 10 in Axes
  6830 | D:6      | Reached XP level 9. HP: 42/76 MP: 9/9
  7003 | D:6      | Found a hide-covered altar of Uskayaw.
  7209 | D:7      | Found a flagged portal.
  7297 | D:7      | Identified a scroll of acquirement
  7298 | D:7      | Acquired 683 gold pieces
  7414 | D:3      | Bought the +3 pair of gauntlets of War {Slay+5} for 617
                  | gold pieces
  7414 | D:3      | Found the +3 pair of gauntlets of War {Slay+5}
  7534 | Bailey   | Entered a bailey
  7758 | Bailey   | Noticed a vault guard
  7770 | Bailey   | Killed a vault guard
  7771 | Bailey   | Reached skill level 1 in Stealth
  7771 | Bailey   | Reached XP level 10. HP: 70/88 MP: 10/10
  7819 | Bailey   | Noticed a vault guard
  7819 | Bailey   | Noticed Prince Ribbit
  7882 | Bailey   | Killed Prince Ribbit
  7882 | Bailey   | Reached **** piety under Beogh
  7935 | Bailey   | Killed a vault guard
  8297 | D:3      | Bought a scroll of brand weapon for 200 gold pieces
  8297 | D:3      | Bought 3 scrolls of identify for 60 gold pieces
  8451 | D:7      | Found a burning altar of Makhleb.
  8677 | D:7      | Found a shimmering blue altar of Sif Muna.
  8714 | D:7      | Found a white marble altar of Elyvilon.
  8721 | D:7      | You fall into a shaft and drop 1 floor!
  9151 | D:8      | Reached skill level 1 in Evocations
  9151 | D:8      | Gained Hilgar as an ally
  9284 | D:8      | Identified the ring "Oxangue" {rPois Dex+4}
  9721 | D:8      | Found a shimmering altar of Xom.
  9986 | D:9      | Noticed a two-headed ogre
  9998 | D:9      | Killed a two-headed ogre
 10188 | D:8      | Reached XP level 11. HP: 92/97 MP: 8/11
 10289 | D:9      | Found a staircase to the Lair.
 10410 | D:9      | Found a broken altar of Ashenzari.
 10855 | D:10     | Entered Level 10 of the Dungeon
 11004 | D:10     | Noticed Grum
 11015 | D:10     | Killed Grum
 11083 | D:10     | Noticed a two-headed ogre
 11087 | D:10     | Killed a two-headed ogre
 11199 | D:10     | Reached skill level 1 in Invocations
 11412 | D:11     | Noticed a two-headed ogre
 11415 | D:11     | Killed a two-headed ogre
 11419 | D:11     | Reached skill level 5 in Evocations
 11429 | D:11     | Reached skill level 15 in Axes
 11527 | D:11     | Acquired a manual of Fighting
 11550 | D:11     | Found a roughly hewn altar of Beogh.
 11550 | D:11     | Found a staircase to the Orcish Mines.
 11592 | D:11     | Reached ***** piety under Beogh
 11596 | D:11     | Reached skill level 10 in Fighting
 11597 | D:11     | Found Jul Goin's Magic Scroll Boutique.
 11617 | D:11     | Bought a scroll of teleportation for 42 gold pieces
 11617 | D:11     | Bought a scroll of teleportation for 42 gold pieces
 11617 | D:11     | Bought a scroll of blinking for 105 gold pieces
 11617 | D:11     | Bought a scroll of blinking for 105 gold pieces
 12139 | D:11     | Found a blossoming altar of Fedhas.
 12418 | D:3      | Bought an iridescent long sword for 195 gold pieces
 12418 | D:3      | Identified the +7 long sword "Wionuf" {vamp, Dex+2} (You
                  | bought it in a shop on level 3 of the Dungeon)
 12694 | D:12     | Noticed a cyclops
 12698 | D:12     | Killed a cyclops
 12724 | D:12     | Noticed a two-headed ogre
 12732 | D:12     | Killed a two-headed ogre
 12733 | D:12     | Reached XP level 12. HP: 108/108 MP: 12/12
 12868 | D:12     | Your ally Hilgar died
 12871 | D:12     | Gained Ortolf as an ally
 13041 | D:12     | Noticed a boulder beetle
 13048 | D:12     | Killed a boulder beetle
 13080 | D:12     | Found a portal to a secret trove of treasure.
 13086 | D:12     | Got the Grimoire of Aerial Malediction
 13112 | D:12     | Reached skill level 10 in Armour
 13223 | D:12     | Found Ygische's Magic Scroll Emporium.
 13233 | D:12     | Bought 3 scrolls of teleportation for 162 gold pieces
 13358 | D:12     | Identified the +8 mace "Dilurel" {freeze, rC+ SInv Stlth+}
 13537 | D:13     | Noticed a six-headed hydra
 13554 | D:13     | Killed a six-headed hydra
 14361 | D:13     | Noticed a centaur warrior
 14369 | D:13     | Killed a centaur warrior
 14371 | D:13     | Reached XP level 13. HP: 74/119 MP: 13/13
 15828 | D:12     | Bought a scroll of teleportation for 54 gold pieces
 15973 | Orc:1    | Entered Level 1 of the Orcish Mines
 15984 | Orc:1    | Gained Bogbrand as an ally
 17690 | D:14     | Gained Ortolf as an ally
 17903 | D:14     | Identified the +2 chain mail of Generosity {+Blink rElec
                  | rPois}
 17912 | D:14     | Found a gate to the Vaults.
 17912 | D:14     | Noticed a vault guard
 17912 | D:14     | Noticed a vault guard
 17915 | D:14     | Killed a vault guard
 17923 | D:14     | Killed a vault guard
 18001 | D:14     | Reached XP level 14. HP: 129/132 MP: 15/15
 18702 | D:15     | Entered Level 15 of the Dungeon
 18808 | D:15     | Reached ****** piety under Beogh
 18921 | D:15     | Reached skill level 15 in Fighting
 18921 | D:15     | Reached skill level 10 in Shields
 19327 | D:15     | Found a staircase to the Depths.
 19866 | Orc:2    | Entered Level 2 of the Orcish Mines
 20401 | Lair:1   | Entered Level 1 of the Lair of Beasts
 20505 | Lair:1   | Noticed fleet's ghost (journeyman KoGl)
 20512 | Lair:1   | Found a runed translucent gate.
 20513 | Lair:1   | Found a runed translucent gate.
 20513 | Lair:1   | Found a runed translucent gate.
 21342 | Lair:2   | Gained Morun as an ally
 21345 | Lair:2   | Reached skill level 10 in Evocations
 21454 | Lair:2   | Found a hole to the Spider Nest.
 22665 | Lair:3   | Reached XP level 15. HP: 132/144 MP: 17/17
 22969 | Lair:3   | Found a staircase to the Shoals.
 23363 | Lair:4   | Your ally Ortolf died
 24796 | Lair:5   | Found a frozen archway.
 24811 | IceCv    | Entered an ice cave
 24876 | IceCv    | Gained Morun as an ally
 24931 | IceCv    | Gained Olfrun as an ally
 25174 | IceCv    | Found an ancient bone altar of Kikubaaqudgha.
 25662 | IceCv    | Your ally Morun died
 25875 | Lair:5   | Found a staircase to the Slime Pits.
 26070 | Lair:5   | Gained Agrik as an ally
 26099 | Lair:5   | Gained Harm as an ally
 26819 | Lair:6   | Entered Level 6 of the Lair of Beasts
 27141 | Lair:6   | Found a sparkling altar of Nemelex Xobeh.
 27622 | Lair:6   | Reached XP level 16. HP: 145/157 MP: 18/18
 27920 | Lair:6   | Found a corrupted altar of Lugonu.
 27920 | Lair:6   | Found a one-way gate to the infinite horrors of the Abyss.
 28285 | Lair:6   | Identified the +3 hunting sling of Brawling {vorpal, rElec
                  | rPois Int-5}
 28639 | Orc:2    | Found a staircase to the Elven Halls.
 29450 | Orc:2    | Gained Jorge as an ally
 29468 | Orc:2    | Your ally Jorge died
 29470 | Orc:2    | Your ally Agrik died
 29805 | Orc:2    | Found Oqukkos's Book Shoppe.
 29808 | Orc:2    | Found Dex Dyed's Armour Emporium.
 29809 | Orc:2    | Found Zeomp's Magic Scroll Shoppe.
 29810 | Orc:2    | Found Qaypseqo's General Store.
 29813 | Orc:2    | Bought a scroll of teleportation for 42 gold pieces
 29813 | Orc:2    | Bought a scroll of teleportation for 42 gold pieces
 29814 | Orc:2    | Bought the +0 helmet of Feasting {Harm +Blink Dex-2 Stlth+}
                  | for 205 gold pieces
 29960 | Orc:2    | Bought a scroll of identify for 28 gold pieces
 29960 | Orc:2    | Bought a scroll of identify for 28 gold pieces
 30203 | Spider:1 | Entered Level 1 of the Spider Nest
 30267 | Spider:1 | Gained Koronagh as an ally
 30269 | Spider:1 | Identified the +2 pair of boots "Qeelamp" {rElec rF- rC++
                  | Int+8}
 30458 | Spider:1 | Gained Boderik as an ally
 31156 | Spider:1 | Gained Nordag as an ally
 31173 | Spider:1 | Found a roughly hewn altar of Beogh.
 31197 | Spider:1 | Identified the +5 ring mail of the Cricket {-Cast Rampage
                  | rN+ Str+8}
 31586 | Spider:2 | Noticed Aizul
 31595 | Spider:2 | Killed Aizul
 31743 | Spider:2 | Noticed Agnes
 31750 | Spider:2 | Killed Agnes
 31928 | Spider:2 | Identified the +6 chain mail "Fud Tuo" {rF- Regen+ Slay+2}
 32128 | Spider:2 | Your ally Ortolf died
 32530 | Spider:3 | Your ally Morun died
 32544 | Spider:3 | Reached XP level 17. HP: 127/168 MP: 19/19
 32733 | Spider:3 | Noticed Mara
 32737 | Spider:3 | Killed Mara
 33040 | Spider:3 | Identified the ring of Lilacs {Wiz +Blink rN+ Int+3}
 33330 | Shoals:1 | Entered Level 1 of the Shoals
 33387 | Shoals:1 | Reached skill level 5 in Stealth
 33515 | Shoals:1 | Your ally Koronagh died
 33632 | Shoals:1 | Noticed Donald
 33637 | Shoals:1 | Killed Donald
 33929 | Shoals:1 | Noticed a kraken
 33937 | Shoals:1 | Killed a kraken
 33947 | Shoals:1 | Noticed a kraken
 33954 | Shoals:1 | Killed a kraken
 34003 | Shoals:1 | Noticed a kraken
 34008 | Shoals:1 | Killed a kraken
 34237 | Shoals:1 | Noticed a kraken
 34244 | Shoals:1 | Killed a kraken
 34685 | Shoals:1 | Found a runed translucent door.
 36373 | Shoals:3 | Noticed Polyphemus
 36383 | Shoals:3 | Killed Polyphemus
 36785 | Shoals:3 | Found Ragnar's Dragon-Slaying Spoils.
 36844 | Shoals:3 | Noticed Ilsuiw
 36884 | Shoals:3 | Killed Ilsuiw
 37109 | Shoals:3 | Reached XP level 18. HP: 166/178 MP: 19/21
 37117 | Shoals:3 | Reached skill level 15 in Armour
 37836 | Shoals:3 | Found a runed translucent door.
 37838 | Shoals:3 | Found a shimmering altar of Xom.
 37838 | Shoals:3 | Noticed Kaerusk's ghost (adept KoBe)
 37875 | Shoals:3 | Killed Kaerusk's ghost
 37881 | Shoals:3 | Identified the ring "Gisteboni" {+Blink rCorr Int+2}
 38079 | Shoals:3 | Acquired 1005 gold pieces
 38129 | Shoals:3 | Bought the +6 pearl dragon scales of Miunuoh {rPois rN+
                  | Dex+4} for 1714 gold pieces
 38129 | Shoals:3 | Bought +0 gold dragon scales for 1040 gold pieces
 38229 | Shoals:4 | Entered Level 4 of the Shoals
 38236 | Shoals:4 | Gained Urtork as an ally
 38427 | Shoals:3 | Reached skill level 15 in Shields
 38867 | Shoals:4 | Gained Boderik as an ally
 39058 | Shoals:4 | Noticed Kirke
 39062 | Shoals:4 | Killed Kirke
 39317 | Shoals:4 | Identified the +1 hand axe of Gulopoac {holy, rN+ Str+2
                  | Int+4}
 39897 | Shoals:4 | Got a barnacled rune of Zot
 40293 | Spider:4 | Entered Level 4 of the Spider Nest
 40937 | Spider:4 | Reached XP level 19. HP: 185/189 MP: 6/22
 41029 | Spider:4 | Got a gossamer rune of Zot
 41218 | Spider:4 | Acquired the +2 pair of boots "Ofuoxtal" {Contam rC+++
                  | Regen+ Int-3}
 41365 | Spider:4 | Found a large runed translucent door.
 41365 | Spider:4 | Found a large runed translucent door.
 41370 | Spider:4 | Noticed cbfl8's ghost (adept MiBe)
 41706 | Vaults:1 | Entered Level 1 of the Vaults
 41728 | Vaults:1 | Your ally Harm died
 43157 | Vaults:1 | Found Wups's Book Boutique.
 44001 | Vaults:1 | Identified the +1 pair of gloves "Omippu Dubuw" {*Slow
                  | rPois Str+6}
 44410 | Vaults:2 | Found Vorreanall's Assorted Antiques.
 44762 | Vaults:2 | Your ally Urtork died
 45318 | Vaults:2 | Reached skill level 15 in Evocations
 45677 | Vaults:2 | Acquired 718 gold pieces
 45912 | Vaults:3 | Reached XP level 20. HP: 202/202 MP: 23/23
 46104 | Vaults:3 | Found a staircase to the Crypt.
 47020 | Vaults:3 | HP: 10/204 [ironbound thunderhulk/bolt of lightning (61)]
 47046 | Vaults:3 | Your ally Olfrun died
 47051 | Vaults:3 | Your ally Morun died
 48508 | Vaults:4 | Your ally Nordag died
 49101 | Vaults:4 | Found a huge runed gate.
 49103 | Vaults:4 | Found a huge runed gate.
 49103 | Vaults:4 | Found a huge runed gate.
 49104 | Vaults:4 | Found a huge runed gate.
 49105 | Vaults:4 | Found a huge runed gate.
 49105 | Vaults:4 | Found a huge runed gate.
 49105 | Vaults:4 | Found a huge runed gate.
 49105 | Vaults:4 | Found a huge runed gate.
 49106 | Vaults:4 | Found a huge runed gate.
 49106 | Vaults:4 | Found a huge runed gate.
 49106 | Vaults:4 | Found a huge runed gate.
 49106 | Vaults:4 | Found a huge runed gate.
 49106 | Vaults:4 | Found a huge runed gate.
 49107 | Vaults:4 | Found a huge runed gate.
 49108 | Vaults:4 | Found a huge runed gate.
 49109 | Vaults:4 | Found a huge runed gate.
 49110 | Vaults:4 | Found a huge runed gate.
 49118 | Vaults:4 | Found a huge runed gate.
 49118 | Vaults:4 | Found a huge runed gate.
 49118 | Vaults:4 | Found a huge runed gate.
 49118 | Vaults:4 | Found a huge runed gate.
 49118 | Vaults:4 | Found a huge runed gate.
 49118 | Vaults:4 | Found a huge runed gate.
 49135 | Vaults:4 | Found a huge runed gate.
 49137 | Vaults:4 | Found a huge runed gate.
 49143 | Vaults:4 | Reached XP level 21. HP: 173/214 MP: 24/24
 49368 | Vaults:4 | Found a huge runed gate.
 49376 | Vaults:4 | Found a huge runed gate.
 49376 | Vaults:4 | Found a huge runed gate.
 49376 | Vaults:4 | Found a huge runed gate.
 49376 | Vaults:4 | Found a huge runed gate.
 49376 | Vaults:4 | Found a huge runed gate.
 49377 | Vaults:4 | Found a huge runed gate.
 49378 | Vaults:4 | Found a huge runed gate.
 49379 | Vaults:4 | Found a huge runed gate.
 49380 | Vaults:4 | Found a huge runed gate.
 49505 | Vaults:4 | Found a huge runed gate.
 50278 | Vaults:4 | Identified the +9 long sword of Ytra Pyg {vorpal, rF+}
 50645 | Elf:1    | Entered Level 1 of the Elven Halls
 50985 | Elf:1    | You fall into a shaft and drop 1 floor!
 53449 | Elf:2    | Found a huge runed translucent gate.
 53449 | Elf:2    | Found a huge runed translucent gate.
 53449 | Elf:2    | Found a huge runed translucent gate.
 53449 | Elf:2    | Found a huge runed translucent gate.
 53449 | Elf:2    | Found a huge runed translucent gate.
 54057 | Elf:2    | Noticed Azrael
 54062 | Elf:2    | Killed Azrael
 55371 | Depths:1 | Entered Level 1 of the Depths
 55393 | Depths:1 | Gained Spirok as an ally
 55422 | Depths:1 | Found Wadiroma's Jewellery Emporium.
 55503 | Depths:1 | Found a gateway to Hell.
 55521 | Depths:1 | Found Ulyliom's Distillery.
 55726 | Depths:1 | Found a snail-covered altar of Cheibriados.
 55812 | Depths:1 | Found Foschak's Antique Armour Shop.
 55880 | Depths:1 | Found Jufix's Armour Shop.
 55945 | Depths:1 | Bought a potion of might for 68 gold pieces
 55945 | Depths:1 | Bought a potion of might for 68 gold pieces
 55945 | Depths:1 | Bought a potion of might for 68 gold pieces
 56276 | Depths:2 | Noticed Asterion
 56284 | Depths:2 | Killed Asterion
 56433 | Depths:2 | You fall into a shaft and drop 2 floors!
 56433 | Depths:4 | Entered Level 4 of the Depths
 56433 | Depths:4 | Found a one-way gateway to a ziggurat.
 56480 | Depths:4 | Reached skill level 5 in Dodging
 56592 | Depths:4 | Found a sacrificial altar of Ru.
 56596 | Depths:4 | Reached XP level 22. HP: 213/226 MP: 25/25
 56747 | Depths:3 | Found a white marble altar of Elyvilon.
 56843 | Depths:3 | Got Sif Muna's Compendium of Curses and Evil
 56884 | Depths:3 | Noticed Margery
 56895 | Depths:3 | Your ally Bogbrand died
 57183 | Depths:3 | Found a hide-covered altar of Uskayaw.
 57449 | Depths:2 | Noticed a juggernaut
 57456 | Depths:2 | Noticed a juggernaut
 57465 | Depths:2 | Killed a juggernaut
 57474 | Depths:2 | Killed a juggernaut
 57490 | Depths:2 | Your ally Boderik died
 57581 | Depths:2 | Your ally Spirok died
 57700 | Depths:2 | Identified the +6 morningstar of Contradiction {drain, rC+
                  | Will- Str+2 Int+4}
 57937 | Depths:2 | Got the Reference Book on Venom and Earth
 57992 | Depths:2 | Paralysed by a floating eye for 3 turns
 58112 | Depths:2 | Noticed a juggernaut
 58116 | Depths:2 | Killed a juggernaut
 58325 | Depths:2 | Found a one-way gate leading to the halls of Pandemonium.
 58887 | Depths:3 | Noticed Boris
 58903 | Depths:3 | Killed Boris
 58937 | Depths:3 | Noticed a caustic shrike
 58945 | Depths:3 | Killed a caustic shrike
 58967 | Depths:3 | Noticed a caustic shrike
 58973 | Depths:3 | Killed a caustic shrike
 59225 | Depths:3 | Noticed a juggernaut
 59234 | Depths:3 | Killed a juggernaut
 59234 | Depths:3 | Noticed Xtahua
 59244 | Depths:3 | Killed Xtahua
 59254 | Depths:3 | Noticed a caustic shrike
 59260 | Depths:3 | Killed a caustic shrike
 59287 | Depths:3 | Your ally Ortolf died
 59299 | Depths:3 | Noticed a caustic shrike
 59305 | Depths:3 | Killed a caustic shrike
 59415 | Depths:3 | Reached XP level 23. HP: 236/236 MP: 26/26
 60139 | Depths:3 | Your ally Spirok died
 60205 | Depths:3 | Killed Margery
 60463 | Depths:4 | Noticed a golden dragon
 60469 | Depths:4 | Killed a golden dragon
 60487 | Depths:4 | Your ally Boderik died
 60669 | Depths:4 | Noticed a golden dragon
 60676 | Depths:4 | Killed a golden dragon
 60786 | Depths:4 | Your ally Ortolf died
 60856 | Depths:4 | Found a gate to the Realm of Zot.
 61034 | Depths:4 | Found a basalt altar of Yredelemnul.
 61754 | Vaults:5 | Entered Level 5 of the Vaults
 61754 | Vaults:5 | Noticed a golden dragon
 61792 | Vaults:5 | Noticed an ancient lich
 61795 | Vaults:5 | Your ally Boderik died
 61799 | Vaults:5 | Your ally Olfrun died
 61992 | Vaults:5 | Killed a golden dragon
 62223 | Vaults:5 | Paralysed by a vault sentinel for 7 turns
 63060 | D:2      | Killed Crazy Yiuf
 63445 | Spider:4 | Killed cbfl8's ghost
 63941 | Crypt:1  | Entered Level 1 of the Crypt
 63962 | Crypt:1  | Gained Wargrak as an ally
 63980 | Crypt:1  | Gained Harm as an ally
 64116 | Crypt:1  | Reached skill level 27 in Fighting
 64257 | Crypt:1  | Your ally Wargrak died
 64489 | Crypt:1  | Your ally Wargrak died
 64586 | Crypt:1  | Your ally Harm died
 64590 | Crypt:1  | Reached XP level 24. HP: 249/249 MP: 26/26
 65020 | Crypt:2  | Noticed Saint Roka
 65175 | Crypt:2  | Noticed a royal mummy
 65175 | Crypt:2  | Noticed a royal mummy
 65641 | Slime:1  | Entered Level 1 of the Pits of Slime
 65708 | Slime:1  | Gained mutation: You are dopey. (Int -2) [a shining eye]
 65709 | Slime:1  | Gained mutation: Your spells are a little easier to cast,
                  | but a little less powerful. [a shining eye]
 65711 | Slime:1  | Gained mutation: You are clumsy. (Dex -2) [a shining eye]
 65712 | Slime:1  | Gained mutation: You possess an exceptional clarity of
                  | mind. [a shining eye]
 65716 | Slime:1  | Gained mutation: You are frail. (-10% HP) [a shining eye]
 65716 | Slime:1  | Gained mutation: Your muscles are strong. (Str +2) [a
                  | shining eye]
 65717 | Slime:1  | Gained mutation: You have hidden genetic defects. [a
                  | shining eye]
 65719 | Slime:1  | Lost mutation: You have hidden genetic defects. [a shining
                  | eye]
 65720 | Slime:1  | Gained mutation: You sometimes lose the ability to read
                  | scrolls when taking damage. [a shining eye]
 65721 | Slime:1  | Gained mutation: You are very dopey. (Int -4) [a shining
                  | eye]
 65724 | Slime:1  | Gained mutation: Your magical capacity is low. (-10% MP) [a
                  | shining eye]
 65731 | Lair:5   | Lost mutation: You are clumsy. (Dex -2) [potion of
                  | mutation]
 65731 | Lair:5   | Lost mutation: You sometimes lose the ability to read
                  | scrolls when taking damage. [potion of mutation]
 65731 | Lair:5   | Lost mutation: Your spells are a little easier to cast, but
                  | a little less powerful. [potion of mutation]
 65731 | Lair:5   | Gained mutation: Your spells are a little harder to cast,
                  | but a little more powerful. [potion of mutation]
 65731 | Lair:5   | Lost mutation: You possess an exceptional clarity of mind.
                  | [potion of mutation]
 65732 | Lair:5   | Lost mutation: You are frail. (-10% HP) [potion of
                  | mutation]
 65732 | Lair:5   | Lost mutation: Your magical capacity is low. (-10% MP)
                  | [potion of mutation]
 65732 | Lair:5   | Gained mutation: Your flesh is cold resistant. (rC+)
                  | [potion of mutation]
 65732 | Lair:5   | Gained mutation: You are frail. (-10% HP) [potion of
                  | mutation]
 65732 | Lair:5   | Gained mutation: You have hidden genetic potential. [potion
                  | of mutation]
 66241 | Crypt:2  | Noticed Khufu
 66317 | Crypt:1  | Killed a royal mummy
 66517 | Crypt:1  | Killed Khufu
 67297 | Crypt:1  | Killed a royal mummy
 67924 | Crypt:1  | Gained Alork as an ally
 68077 | Crypt:1  | Your ally Saint Roka died
 68265 | Crypt:2  | Identified the +6 scale mail of an ice cave {rC+ Dex-4
                  | Slay+2}
 68529 | Crypt:2  | Identified the ring of Impatience {Will+ Slay+4}
 69004 | Crypt:1  | Found an ancient bone altar of Kikubaaqudgha.
 69462 | Crypt:3  | Entered Level 3 of the Crypt
 69585 | Crypt:3  | Reached skill level 27 in Axes
 69589 | Crypt:3  | Your ally Saint Roka died
 69970 | Crypt:3  | Your ally Alork died
 70767 | Crypt:3  | Found a staircase to the Tomb.
 71180 | Crypt:3  | Gained Herok as an ally
 71381 | Crypt:3  | Got the Tome of Unholy Secrets
 71763 | Crypt:3  | Your ally Herok died
 71915 | Crypt:3  | Noticed a royal mummy
 72086 | Crypt:3  | Killed a royal mummy
 72310 | Crypt:3  | Identified the amulet "Xantojy" {RegenMP Stlth+}
 72335 | Crypt:3  | Identified the ring of Huoxeim {Fire Drain rElec Will++
                  | rCorr}
 72595 | Tomb:1   | Entered Level 1 of the Tomb of the Ancients
 73472 | Tomb:1   | Noticed a royal mummy
 73480 | Tomb:1   | Noticed a royal mummy
 73480 | Tomb:1   | Noticed a royal mummy
 73903 | Tomb:1   | Noticed a royal mummy
 73920 | Tomb:1   | Killed a royal mummy
 74135 | Tomb:1   | Killed a royal mummy
 74136 | Tomb:1   | Reached XP level 25. HP: 225/231 MP: 26/26
 75224 | Tomb:1   | Noticed a royal mummy
 75232 | Tomb:1   | Noticed a royal mummy
 75233 | Tomb:1   | Noticed a royal mummy
 75235 | Tomb:1   | Noticed a royal mummy
 75236 | Tomb:1   | Killed a royal mummy
 75626 | Vaults:4 | Gained mutation: You have sharp toenails. [hidden
                  | potential]
 76008 | Vaults:4 | Gained Berold as an ally
 76861 | Vaults:4 | Killed an ancient lich
 77406 | Vaults:5 | Identified the +8 broad axe "Erurphap" {venom, rF+ rN+
                  | Dex-5}
 77593 | Vaults:5 | Got a silver rune of Zot
 77611 | Vaults:5 | Identified the +3 plate armour of the Mind {rPois rF+ rN+
                  | Dex-2}
 77722 | Vaults:5 | Found Piuprabe's Antique Weapon Shop.
 79196 | D:12     | Bought a scroll of summoning for 171 gold pieces
 79196 | D:12     | Bought a scroll of teleportation for 54 gold pieces
 79344 | Orc:2    | Bought a scroll of holy word for 105 gold pieces
 79344 | Orc:2    | Bought a scroll of magic mapping for 49 gold pieces
 79489 | D:11     | Bought a scroll of summoning for 133 gold pieces
 79745 | Zot:1    | Entered Level 1 of the Realm of Zot
 79931 | Zot:1    | Your ally Berold died
 82798 | Elf:3    | Entered Level 3 of the Elven Halls
 83081 | Elf:3    | Reached XP level 26. HP: 206/239 MP: 26/26
 83663 | Elf:3    | Identified the +4 dagger of Haunted Exoneration {flame,
                  | Will- rCorr Str+8 Dex+3 SInv}
 84153 | Elf:3    | Gained mutation: Your flesh is very cold resistant. (rC++)
                  | [hidden potential]
 84153 | Elf:3    | Lost mutation: You have hidden genetic potential. [hidden
                  | potential expressed]
 84473 | Elf:3    | Identified the ring "Pipsonif" {Ice Int+3}
 84762 | Elf:3    | Identified the +5 hand axe of Distant Worlds {freeze, Fly
                  | rN+}
 85261 | Elf:3    | Found the +3 giant club "Skullcrusher" {speed, Str+7}
 85288 | Elf:3    | Got the Incunabulum of Dusty Orientation
 85558 | Elf:3    | Identified the +6 arbalest "Hoiqy Gie" {venom, Stlth+}
 85576 | Elf:3    | Identified the +8 arbalest of Efusifri {speed, rElec rF++}
 87268 | Zot:1    | Gained Korbok as an ally
 87282 | Zot:1    | Your ally Korbok died
 88478 | Zot:2    | Your ally Korbok died
 89025 | Zot:3    | Noticed an orb of fire
 89212 | Zot:3    | Gained mutation: Armour fits poorly on your strangely
                  | shaped body. [an orb of fire]
 89220 | Zot:3    | Gained mutation: You sometimes lose the ability to read
                  | scrolls when taking damage. [an orb of fire]
 89224 | Zot:3    | Killed an orb of fire
 89373 | Zot:2    | Lost mutation: Your flesh is very cold resistant. (rC++)
                  | [potion of mutation]
 89373 | Zot:2    | Lost mutation: Your spells are a little harder to cast, but
                  | a little more powerful. [potion of mutation]
 89373 | Zot:2    | Lost mutation: You are very dopey. (Int -4) [potion of
                  | mutation]
 89374 | Zot:2    | Lost mutation: Your muscles are strong. (Str +2) [potion of
                  | mutation]
 89374 | Zot:2    | Lost mutation: You sometimes lose the ability to read
                  | scrolls when taking damage. [potion of mutation]
 89374 | Zot:2    | Gained mutation: You have razor-sharp toenails. [potion of
                  | mutation]
 89374 | Zot:2    | Gained mutation: Your spells are a little harder to cast,
                  | but a little more powerful. [potion of mutation]
 89375 | Zot:2    | Lost mutation: Your flesh is cold resistant. (rC+) [potion
                  | of mutation]
 89375 | Zot:2    | Lost mutation: You have razor-sharp toenails. [potion of
                  | mutation]
 89375 | Zot:2    | Lost mutation: You are frail. (-10% HP) [potion of
                  | mutation]
 89375 | Zot:2    | Gained mutation: You have a somewhat thin skeletal
                  | structure. (Dex +2, Stealth+) [potion of mutation]
 89376 | Zot:2    | Lost mutation: Armour fits poorly on your strangely shaped
                  | body. [potion of mutation]
 89376 | Zot:2    | Lost mutation: You have sharp toenails. [potion of
                  | mutation]
 89376 | Zot:2    | Gained mutation: You are agile. (Dex +2) [potion of
                  | mutation]
 89376 | Zot:2    | Lost mutation: You are dopey. (Int -2) [potion of mutation]
 90033 | Zot:3    | Reached skill level 10 in Dodging
 90486 | Zot:3    | Found the +9 heavy crossbow "Sniper" {vorpal, Acc+∞ SInv}
 91253 | Zot:3    | Reached XP level 27. HP: 239/273 MP: 26/26
 93254 | Zot:4    | Gained Harm as an ally
 93318 | Zot:4    | Got Biar's Almanac of the Evil Birds
 93801 | Orc:2    | Bought a scroll of enchant weapon for 105 gold pieces
 93801 | Orc:2    | Bought a scroll of enchant armour for 105 gold pieces
 94333 | Zot:5    | Entered Level 5 of the Realm of Zot
 94568 | Zot:4    | Noticed an orb of fire
 94579 | Zot:4    | Gained mutation: You are frail. (-10% HP) [an orb of fire]
 94585 | Zot:4    | Gained mutation: You sometimes lose the ability to read
                  | scrolls when taking damage. [an orb of fire]
 94586 | Zot:4    | Killed an orb of fire
 95335 | Zot:4    | Found a runed translucent door.
 95342 | Zot:4    | Noticed Xill's ghost (veteran MiMo)
 95385 | Zot:4    | Killed Xill's ghost
 95928 | Zot:5    | Found a runed translucent gate.
 95928 | Zot:5    | Found a runed translucent gate.
 95928 | Zot:5    | Found a runed translucent gate.
 95936 | Zot:5    | Noticed turdburglar's ghost (veteran DDFi)
 95951 | Zot:5    | Your ally Harm died
 96151 | Zot:5    | Killed turdburglar's ghost
 96526 | Zot:5    | Reached skill level 10 in Stealth
 96820 | Zot:5    | Identified the -6 pair of boots of Conscience {Will+ Regen+
                  | MP-9 Int+3}
 96821 | Zot:5    | Identified the ring of the Median {rElec rC+ Int-2 Dex+5}
 96898 | Zot:5    | Reached skill level 27 in Shields
 98110 | Zot:5    | Noticed a dread lich
 98122 | Zot:5    | Noticed a dread lich
 98126 | Zot:5    | Mangled by an Orb Guardian

Illustrated notes

Levels and vault maps discovered:
D:1:      mrwooster_arrival_statue_2, layout_loops_ring,
          hellmonk_ecumenical_altar_defaced_shrine, minmay_octomino_e4
D:2:      layout_basic, uniq_crazy_yiuf_cottage, uniq_robin, uniq_jessica
D:3:      layout_loops_ring, vehumet_altar_wand_db,
          grunt_temple_overflow_cloverleaf, nicolae_overflow_ecumenical_swirl,
          serial_shops, shop, shop, shop, uniq_ijyb, uniq_terence
D:4:      layout_gridville, nicolae_overflow_hidden_temple, portal_sewer_entry_b
D:5:      layout_basic, minmay_temple_entry_butterflies,
          nicolae_figureground_sparkle
D:6:      layout_basic, general_overflow_altar, hangedman_abyss_or_decor_stabs,
          amethyst_killhole
D:7:      layout_basic, lemuel_coloured_pillars_altar,
          mainiacjoe_overflow_brackets, overflow_temple_1_default,
          enter_bailey_5, grunt_decor_arrowhead, minmay_tree_intersection
D:8:      layout_cave_pods, mainiacjoe_overflow_alcove_4
D:9:      layout_loops_cross, ashenzari_conservatory_becter,
          erik_lair_orcish_takeover, kennysheep_generic_room_10
D:10:     layout_roguey, uniq_grum
D:11:     layout_rooms, david_orc_5, serial_shops, nicolae_shop_behind_doors,
          fedhas_altar_2
D:12:     layout_loops_ring, nicolae_trove_entry_free_sample, serial_shops, shop
D:13:     minmay_four_partial_circles, layout_layer_cave
D:14:     layout_loops_corners, grunt_vaults_entry_tiered,
          minmay_misc_feat_hallway, kennysheep_nub, hangedman_ranch
D:15:     hangedman_depths_entry_civil_slaughter, layout_basic
Lair:1:   layout_chaotic_city, gammafunk_ghost_split,
          cheibrodos_lair_caveside_slide, infiniplex_staircase_pool
Lair:2:   layout_cave_pods, nicolae_spider_entry_non_spiders, lemuel_fruit_tree,
          grunt_megastairs_5
Lair:3:   layout_chaotic_city, minmay_shoals_entry_beasts,
          grunt_forest_small_clearings, infiniplex_staircase_pool_2,
          grunt_megastairs_2
Lair:4:   layout_cave_pods, serial_bayou_shore_b
Lair:5:   regret_index_bee_streams, layout_cave_pods,
          minmay_slime_entry_pillars, portal_ice_cave_entry_pillars_1
Lair:6:   hellmonk_lair_end_abyssal_woods, layout_regular_city, basic_altar,
          grunt_forest_large_clearings
Shoals:1: nicolae_shoals_lighthouse, layout_shoals, uniq_donald
Shoals:2: layout_shoals
Shoals:3: layout_shoals, ebering_ghost_xom, abandoned_shop,
          nicolae_shop_dragon_depot, nicolae_shoals_loop_pool, uniq_polyphemus,
          uniq_ilsuiw
Shoals:4: shoals_end_hellmonk_lost_city, uniq_kirke
Spider:1: nicolae_spider_mines_2, hellmonk_narrow_tunnel,
          hangedman_spider_tarantella_strand
Spider:2: layout_cave_pods, uniq_agnes, uniq_aizul
Spider:3: layout_spider_delve, uniq_mara
Spider:4: grunt_spider_rune_circles, ebering_ghost_disaster_area,
          nicolae_spider_circle_web
Slime:1:  layout_caves
Orc:1:    layout_diamond_mine
Orc:2:    st_orc_pillars, layout_diamond_mine, nicolae_orc_rich_vein
Elf:1:    nicolae_elf_arrival_fired_up, layout_loops_corners,
          hangedman_elf_disciples, eino_tiny_chamber
Elf:2:    elven_hall_of_blades_hangedman_alternative
          [nicolae_blade_little_rooms], layout_geoelf_octagon, uniq_azrael
Elf:3:    elf_hall, layout_geoelf_grid, grunt_megastairs_1
Vaults:1: ontoclasm_vaults_twist, hangedman_vaults_capsules,
          nicolae_vaults_twisting_passages, nicolae_vaults_border_crossing,
          ontoclasm_vaults_echo, v_misc_33, nicolae_vaults_shelves_hall,
          hangedman_vaults_unwind, layout_vaults_omnigrid, serial_shops,
          nicolae_shop_temple_entry_statues_fountains
Vaults:2: ontoclasm_vaults_misaligned, st_quartered_hall,
          hangedman_vaults_impose, nicolae_vaults_ninety_degrees,
          nicolae_vaults_network_periphery, ontoclasm_vaults_ring_small,
          ontoclasm_vaults_chip, nicolae_vaults_little_squares_6,
          vaults_mumra_chevron, hangedman_vaults_restitches,
          ontoclasm_vaults_pinch, v_misc_11, vaults_room_semicircle,
          nicolae_vaults_alarming, layout_vaults_maze_snakey, serial_shops,
          nicolae_shop_trees
Vaults:3: nicolae_vaults_triangles, nicolae_vaults_circle_grid_b,
          nicolae_vaults_circle_grid_b, ontoclasm_vaults_ring_small,
          minmay_crypt_entry_simple_statues, grunt_vaults_focal,
          hangedman_vaults_nodes, vaults_mumra_hex, v_misc_19,
          nicolae_vaults_network_s, nicolae_vaults_hallways_thing,
          ontoclasm_vaults_hangar, st_eye, grunt_vaults_funnel,
          vaults_room_fours, layout_vaults_omnibox
Vaults:4: nicolae_vaults_little_squares_3, ontoclasm_vaults_ligature,
          nicolae_vaults_display_case, nicolae_vaults_three_branches,
          nicolae_vaults_little_ls, v_rooms_3, nicolae_vaults_rhombus_6,
          not_door_vault_mu, ontoclasm_vaults_eye, nicolae_vaults_network_star,
          vaults_standard_mumra_x, layout_vaults_omnicross
Vaults:5
Crypt:1:  layout_chaotic_city, grunt_crypt_arrival_guarded_gate,
          lemuel_upstairs_altar
Crypt:2:  layout_chaotic_city, uniq_khufu, uniq_saint_roka
Crypt:3:  due_elkab, layout_chaotic_city, nicolae_tomb_entry_grand_gallery,
          minivault_27
Tomb:1
Depths:1: layout_forbidden_donut, hell_entry, serial_shops,
          nicolae_shop_behind_doors, kennysheep_mini, nicolae_shop_stone,
          kennysheep_mini_moat, slow_altar_1, firewood_loft
Depths:2: minmay_four_inscribed_fans, layout_basic,
          chequers_serial_rivers_marsh, hangedman_geh_valley, pan_entry,
          abyss_entry, uniq_asterion
Depths:3: lemuel_castle_with_subvaults [lemuel_castle_interior_carwin_2],
          layout_gridlike, abyss_entry, hell_entry,
          nicolae_elyvilon_peaceful_grove,
          nicolae_uskayaw_murder_on_the_dancefloor,
          infiniplex_staircase_diamond, uniq_xtahua, uniq_boris, uniq_margery
Depths:4: grunt_zot_entry_hairpin, layout_basic, enter_ziggurat_a, basic_altar,
          hell_entry, hangedman_blasphemy
Zot:1:    layout_gridville
Zot:2:    layout_misc_corridors, st_single_dragon_hoard_2
Zot:3:    layout_cathedral_of_symmetry
Zot:4:    layout_onion_interference, hellmonk_ghost_happy_afterlife,
          st_large_dragon_hoard_3
Zot:5:    layout_basic, gammafunk_ghost_tricky_traps, grunt_ministairs_7

Skill      XL: |  1  2  3  4  5  6  7  8  9 10 11 12 13 14 15 16 17 18 19 20 21 22 23 24 25 26 27 |
---------------+----------------------------------------------------------------------------------+-----
Fighting       | 4 5 6 7 8 9 10 12 14 16 18 19 20 21 22 24 25 26 27 | 27.0
Axes           | 3 4 5 6 7 10 12 14 15 17 18 19 20 21 22 23 25 26 27 | 27.0
Armour         | 4 5 7 8 9 10 11 12 13 14 15 16 17 18 20 21 | 21.7
Shields        | 4 5 6 7 8 9 10 12 13 14 16 17 18 19 20 22 24 26 27 | 27.0
Dodging        | 1 2 3 4 5 6 7 8 10 11 | 11.6
Stealth        | 1 2 3 4 5 6 7 8 10 | 10.4
Evocations     | 2 5 7 8 10 11 12 13 14 15 16 | 16.5
Invocations    | 1 2 3 4 |  4.0

Action                   |  1- 3 |  4- 6 |  7- 9 | 10-12 | 13-15 | 16-18 | 19-21 | 22-24 | 25-27 || total
-------------------------+-------+-------+-------+-------+-------+-------+-------+-------+-------++-------
Melee: War axe           |   101 |   274 |   247 |       |       |       |       |       |       ||   622
       Broad axe         |       |       |       |   287 |   741 |   808 |   772 |  1327 |  1603 ||  5538
Invok: Recall Orcish Fol |       |       |       |     7 |    25 |    22 |    22 |    30 |    13 ||   119
       Give Item to Name |       |       |       |     2 |     6 |     6 |     1 |     5 |     3 ||    23
       Resurrection      |       |       |       |       |       |     2 |     2 |     6 |     3 ||    13
       Smiting           |       |       |       |       |       |       |     1 |       |       ||     1
 Abil: Evoke Blink       |       |       |       |       |       |       |       |     1 |     7 ||     8
Evoke: Wand              |       |       |       |    22 |     4 |     5 |     2 |    17 |    13 ||    63
       Phantom mirror    |       |       |       |       |       |       |     1 |     1 |       ||     2
       Box of beasts     |       |       |       |       |       |       |     1 |       |       ||     1
  Use: Potion            |     1 |     3 |     2 |     2 |     1 |     5 |     9 |    14 |    10 ||    47
       Scroll            |       |     4 |     4 |    16 |    17 |    17 |    13 |    27 |    18 ||   116
 Stab: Distracted        |       |       |       |     7 |    13 |    10 |     5 |    13 |    16 ||    64
       Confused          |       |       |       |       |     1 |       |       |       |     2 ||     3
       Betrayed ally     |       |       |       |       |     1 |       |       |       |       ||     1
       Sleeping          |       |       |       |       |       |       |     6 |     4 |     7 ||    17
Armor: Scale mail        |     9 |       |       |       |       |       |       |       |       ||     9
       Plate armour      |    45 |   165 |   156 |   151 |   287 |   289 |       |       |       ||  1093
       Pearl dragon scal |       |       |       |       |       |    89 |   185 |   399 |   554 ||  1227
Dodge: Dodged            |    37 |    78 |    75 |    37 |   117 |   167 |   118 |   236 |   513 ||  1378
Block: Buckler           |    31 |    67 |    64 |    29 |       |       |       |       |       ||   191
       Tower shield      |       |       |       |   138 |    53 |       |       |       |       ||   191
       Kite shield       |       |       |       |       |   415 |   843 |   653 |  1221 |  1722 ||  4854
       Reflection        |       |       |       |       |       |    61 |    63 |    17 |   106 ||   247
